 Dungeon Crawl Stone Soup version 0.18-a0-329-g5b4d444 (webtiles) character file.

150 Proton the Shield-Bearer (level 5, -1/42 HPs)
             Began as a Formicid Fighter on Nov 28, 2015.
             Was an Initiate of Ru.
             Slain by an adder (2 damage)
             ... on level 4 of the Dungeon.
             The game lasted 00:03:32 (2012 turns).

Proton the Shield-Bearer (Formicid Fighter)         Turns: 2012, Time: 00:03:32

Health: -1/42      AC: 11    Str: 21    XL:     5   Next: 58%
Magic:  5/5        EV:  3    Int:  8    God:    Ru [......]
Gold:   31         SH: 14    Dex: 10    Spells: 0 memorised, 4 levels left

rFire  . . .     SeeInvis +     a - +0 war axe
rCold  . . .     Clarity  .     b - +0 plate armour
rNeg   . . .     SustAt   .     m - +0 large shield
rPois  .         Gourm    .     (helmet unavailable)
rElec  .         Spirit   .     (no cloak)
rCorr  .         Warding  .     (no gloves)
rMut   .         Stasis   +     (no boots)
MR     .....                    (no amulet)
Stlth  ..........               (no ring)
                                (no ring)

@: lethally poisoned (-1 -> -9), not resistant to hostile enchantments,
extremely unstealthy
A: permanent stasis, dig shafts and tunnels, four strong arms, antennae 3
a: Dig, Shaft Self, Renounce Religion


You were on level 4 of the Dungeon.
You worshipped Ru.
Ru was noncommittal.
You were not hungry.

You visited 1 branch of the dungeon, and saw 4 of its levels.

You collected 31 gold pieces.

Inventory:

Hand Weapons
 a - a +0 war axe (weapon)
Armour
 b - a +0 plate armour (worn)
 m - a +0 large shield (worn)
Jewellery
 t - an uncursed amulet of warding {unknown}
Wands
 l - a wand of cold (10)
 r - a wand of confusion (27)
Scrolls
 f - a scroll of recharging {unknown}
 g - a scroll of amnesia {unknown}
 h - a scroll of magic mapping {unknown}
 k - 3 scrolls of teleportation {unknown}
 p - 3 scrolls of identify {unknown}
Potions
 c - a potion of heal wounds {unknown}
 d - 2 potions of might
 i - a potion of cancellation {unknown}
 j - a potion of flight {unknown}
 n - 2 potions of agility {unknown}
 o - 4 potions of curing {unknown}
 s - a potion of degeneration {unknown}
Comestibles
 e - 2 bread rations
 q - a meat ration


   Skills:
 + Level 3.9 Fighting
 + Level 2.7 Axes
 + Level 4.3 Armour
 + Level 2.0 Dodging
 + Level 4.3 Shields


You had 4 spell levels left.
You didn't know any spells.

Dungeon Overview and Level Annotations

Branches:
Dungeon (4/15)
 Temple: D:4-7

Altars:
Kikubaaqudgha
Nemelex Xobeh
Ru
Yredelemnul
Zin

Annotations:
D:3 Grinder


Innate Abilities, Weirdness & Mutations

You are under a permanent stasis effect.
You can dig through walls and to a lower floor.
Your four strong arms can wield two-handed weapons with a shield.
You have a pair of large antennae on your head (SInv).


Message History

The adder is severely wounded.
You feel sick. The adder bites you.
* * * LOW HITPOINT WARNING * * *
You block the adder's attack.
You closely miss the adder.
The adder is severely wounded.
You block the adder's attack. The adder bites you.
* * * LOW HITPOINT WARNING * * *
You are more poisoned.
The adder poisons you!
You closely miss the adder.
The adder is heavily wounded.
* * * LOW HITPOINT WARNING * * *
You feel sick. You block the adder's attack.
The adder bites you but does no damage.
You miss the adder.
The adder is heavily wounded.
* * * LOW HITPOINT WARNING * * *
You feel sick. The adder bites you.
You die...

### #.. ..
#.###
#.#####...
#........####..
#...........!
###.###@S.#
#.....#...###
## #....>..#
#.. #.......#
#..###......=#
#......#...#.#
#.##.###...#.#
#.##<)..#.## #
#.รท())....#


You could see an adder.

Vanquished Creatures
  A hound (D:4)
  3 adders
  3 gnolls (D:4)
  2 oozes (D:2)
  An adder skeleton (D:4)
  4 worms
  3 giant geckos (D:3)
  A ball python (D:3)
  A giant cockroach (D:1)
  2 hobgoblins
  2 jackals (D:3)
  A quokka (D:4)
  A bat (D:3)
  4 giant newts
  11 goblins
  7 kobolds
  6 rats
53 creatures vanquished.

Notes
Turn   | Place    | Note
--------------------------------------------------------------
     0 | D:1      | Proton the Formicid Fighter began the quest for the Orb.
     0 | D:1      | Reached XP level 1. HP: 18/18 MP: 1/1
   186 | D:1      | Found a sparkling altar of Nemelex Xobeh.
   216 | D:1      | Reached XP level 2. HP: 24/24 MP: 2/2
   324 | D:1      | Reached skill level 1 in Dodging
   600 | D:2      | Reached XP level 3. HP: 25/29 MP: 3/3
   650 | D:2      | Found a basalt altar of Yredelemnul.
   657 | D:2      | Found an ancient bone altar of Kikubaaqudgha.
   659 | D:2      | Found a sacrificial altar of Ru.
   659 | D:2      | Found a glowing silver altar of Zin.
   672 | D:2      | Found a sparkling altar of Nemelex Xobeh.
   686 | D:2      | Became a worshipper of Ru the Awakened
  1179 | D:3      | Reached XP level 4. HP: 22/35 MP: 4/4
  1497 | D:3      | Reached skill level 4 in Armour
  1498 | D:3      | Noticed Grinder
  1638 | D:4      | Reached XP level 5. HP: 42/42 MP: 5/5
  2011 | D:4      | HP: 2/42 [poisoned by an adder]
  2012 | D:4      | Slain by an adder

Vault maps used:
D:1:      shiori_arrival_oz, nemelex_xobeh_ov_fountains_minmay
D:2:      minmay_overflow_temple_star_hex, minmay_misc_feat_five
D:3:      minmay_surrounded, uniq_grinder
D:4:      first_bread, minmay_fountain_box

Action                   |  1- 3 |  4- 6 || total
-------------------------+-------+-------++-------
Melee: War axe           |   105 |   125 ||   230
  Eat: Meat ration       |     1 |       ||     1
       Beef jerky        |       |     1 ||     1
